 Dungeon Crawl Stone Soup version 0.22-a0-135-g6f012ad (webtiles) character file.

8 sankara the Grave Robber (level 2, 17/19 HPs)
             Began as a Demonspawn Necromancer on Feb 1, 2018.
             Got out of the dungeon alive.
             The game lasted 00:02:05 (461 turns).

sankara the Grave Robber (Demonspawn Necromancer)    Turns: 461, Time: 00:02:05

Health: 17/19      AC:  2    Str:  8    XL:     2   Next: 0%
Magic:  5/5        EV: 12    Int: 16    God:
Gold:   18         SH:  0    Dex: 13    Spells: 3/5 levels left

rFire    . . .     SeeInvis .   e - +0 short sword
rCold    . . .     Gourm    .   (no shield)
rNeg     . . .     Faith    .   a - +0 robe
rPois    .         Spirit   .   (no helmet)
rElec    .         Reflect  .   (no cloak)
rCorr    .         Harm     .   (no gloves)
MR       .....                  (no boots)
Stlth    ++........             (no amulet)
HPRegen  0.06/turn              (no ring)
MPRegen  0.09/turn              (no ring)

@: no status effects
A: rot immunity
a: no special abilities


You escaped.
You were not hungry.

You visited 1 branch of the dungeon, and saw 1 of its levels.

You collected 18 gold pieces.

Inventory:

Hand Weapons
 e - a +0 short sword (weapon)
Missiles
 d - 2 javelins (quivered)
 f - 27 stones
Armour
 a - a +0 robe (worn)
Scrolls
 h - a scroll of remove curse {unknown}
Books
 b - a book of Necromancy

   Spells                             Type                      Level
   a - Pain                           Necromancy                   1
   b - Animate Skeleton               Necromancy                   1
   c - Vampiric Draining              Necromancy                   3
   d - Regeneration                   Charms/Necromancy            3
   e - Animate Dead                   Necromancy                   4
Comestibles
 c - 2 rations


   Skills:
 - Level 1.7 Dodging
 - Level 1.7 Stealth
 + Level 2.3 Spellcasting
 + Level 4.6 Necromancy


You had 3 spell levels left.
You knew the following spells:

 Your Spells              Type           Power        Failure   Level  Hunger
a - Pain                  Necr           ###.         3%          1    #......
b - Animate Skeleton      Necr           N/A          3%          1    #......


Dungeon Overview and Level Annotations

Branches:
Dungeon (1/15)

Altars:


Innate Abilities, Weirdness & Mutations

You are immune to rotting.


Message History

Aiming: Pain (safe; 3% risk of failure)
Press: ? - help, Shift-Dir - straight line, f/p - leopard gecko
Aim: a leopard gecko (heavily wounded, clinging, chance to defeat MR: 87%)
The leopard gecko writhes in agony!
You kill the leopard gecko!
You have reached level 2!
Your demonic ancestry asserts itself...
You feel immune to rotting.
You see here a leopard gecko corpse.
You swap places.
You see here a ring mail.
Your leopard gecko skeleton crumbles into dust!
Magic restored.
There is a stone staircase leading down here.
There is a stone staircase leading down here.
There is an open gate here.
There is an open door here.
There is a staircase leading out of the dungeon here.
Are you sure you want to leave the Dungeon?
This will make you lose the game!
You have escaped!

.............♣##
♣♣♣#'''#♣♣♣....
###...###♣♣...
#.......# ♣♣♣.
####..8.8..####♣♣
###..#.......#..###
#....'.8...8.#....#
#....#...⌠...#....#
#.@..#.8...8.'..⌠.#
#....#...8...#....#
###################


There were no monsters in sight!

Vanquished Creatures
  2 leopard geckos (D:1)
  A hobgoblin (D:1)
  2 kobolds (D:1)
  A rat (D:1)
6 creatures vanquished.

Notes
Turn   | Place    | Note
-------+----------+-------------------------------------------
     0 | D:1      | sankara the Demonspawn Necromancer began the quest for the Orb.
     0 | D:1      | Reached XP level 1. HP: 13/13 MP: 3/3
   118 | D:1      | Learned a level 1 spell: Animate Skeleton
   332 | D:1      | Gained mutation: You are immune to rotting. [demonic ancestry]
   332 | D:1      | Reached XP level 2. HP: 10/19 MP: 0/5
   461 | D:$      | Got out of the dungeon alive.

Vault maps used:
D:1:      sevenhm_arrival_forest_fort_large_2, minmay_tetromino_s2

Action                   || total
-------------------------++-------
Melee: Short sword       ||    10
 Cast: Pain              ||     7
       Animate Skeleton  ||     1
 Stab: Sleeping          ||     1
Armor: Robe              ||     2
Dodge: Dodged            ||     7

Table legend:
 A = Spawn XP
 B = Non-spawn XP
 C = Spawn XP percentage of total XP
 D = Spawn monster count
 E = Non-spawn monster count
 F = Spawn count percentage of total count
 G = Total turns spent on level
                    A         B        C        D         E        F      G
               +---------+---------+-------+---------+---------+-------+---------
         Total |       0 |      12 |   0.0 |       0 |       6 |   0.0 |   461
               +---------+---------+-------+---------+---------+-------+---------
           D:1 |       0 |      12 |   0.0 |       0 |       6 |   0.0 |   461
               +---------+---------+-------+---------+---------+-------+---------
